 Dungeon Crawl Stone Soup version 0.27-a0-1186-g8b4daa1eef (webtiles) character file.

Game seed: 7851123274144359027

38 ZappyNine the Magician (level 3, -3/28 HPs)
             Began as a Djinni Air Elementalist on May 19, 2021.
             Slain by Terence
             ... wielding a +0 mace
              (7 damage)
             ... on level 2 of the Dungeon.
             The game lasted 00:03:26 (1798 turns).

ZappyNine the Magician (Djinni Air Elementalist)    Turns: 1798, Time: 00:03:27

Health: -3/28      AC:  2    Str:  7    XL:     3   Next: 65%
Gold:   40         EV: 12    Int: 17    God:
                   SH:  0    Dex: 13

rFire    + + .     SeeInvis .   e - +0 short sword (flame)
rCold    x . .     Faith    .   (no shield)
rNeg     . . .     Spirit   .   a - +0 robe
rPois    ∞         Reflect  .   (no helmet)
rElec    .         Harm     .   (no cloak)
rCorr    .         Rampage  .   (no gloves)
Will     .....                  (boots unavailable)
Stlth    ++........             (no amulet)
HPRegen  0.09/turn              (no ring)
MPRegen  0.00/turn              (no ring)

@: flying
A: sickness immunity, fire resistance 2, cold vulnerability 1, float, innate
caster, hp casting, extra vitality 1
a: no special abilities


You were on level 2 of the Dungeon.
You visited 1 branch of the dungeon, and saw 2 of its levels.

You collected 40 gold pieces.

Inventory:

Hand Weapons
 e - a +0 short sword of flaming (weapon)
Armour
 a - a +0 robe (worn)
Scrolls
 b - a scroll of brand weapon {unknown}
 d - 2 scrolls of identify {unknown}
 f - a scroll of torment {unknown}


   Skills:
 + Level 2.0 Fighting
 - Level 2.1 Dodging
 - Level 1.5 Stealth
 + Level 3.0 Spellcasting


You couldn't memorise any spells.
You knew the following spells:

 Your Spells              Type           Power      Damage    Failure   Level
a - Shock                 Conj/Air       48%        1d6       4%          1
b - Static Discharge      Conj/Air       12%        N/A       8%          2
c - Swiftness             Air            12%        N/A       16%         3
d - Airstrike             Air            6%         N/A       45%         4
e - Lightning Bolt        Conj/Air       6%         1d18      80%         5
f - Sting                 Tmut/Pois      48%        1d5       4%          1
Your spell library was empty.

Dungeon Overview and Level Annotations

Branches:
Dungeon (2/15)

Altars:

Annotations:
D:2 Terence


Innate Abilities, Weirdness & Mutations

You are immune to sickness and miasma.
You are immune to poison.
Your flesh is very heat resistant. (rF++)
You are vulnerable to cold. (rC-)
You float through the air rather than walking.
You learn spells naturally, not from books.
Your magical power is your life essence.
You have superior vitality. (+4 HP)


Message History

The zap hits Terence.
Terence is moderately wounded.
Terence misses you.
Unknown command.
Casting: Shock (safe; 4% risk of failure)
Confirm with . or Enter, or press ? or * to list all spells.
Aiming: Sting (safe; 4% risk of failure)
Press: ? - help, Shift-Dir - straight line, f/p - Terence
Aim: Terence, wielding a +0 mace and wearing a +0 scale mail (moderately wounded, 75% to hit)
The sting misses Terence.
Terence hits you with a +0 mace.
Unknown command.
Unknown command.
Casting: Sting (safe; 4% risk of failure)
Confirm with . or Enter, or press ? or * to list all spells.
Aiming: Sting (safe; 4% risk of failure)
Press: ? - help, Shift-Dir - straight line, f/p - Terence
Aim: Terence, wielding a +0 mace and wearing a +0 scale mail (moderately wounded, 75% to hit)
The sting hits Terence but does no damage.
Terence is poisoned.
Terence is moderately wounded.
Terence hits you with a +0 mace.
Casting: Sting (safe; 4% risk of failure)
Confirm with . or Enter, or press ? or * to list all spells.
Aiming: Sting (safe; 4% risk of failure)
Press: ? - help, Shift-Dir - straight line, f/p - Terence
Aim: Terence, wielding a +0 mace and wearing a +0 scale mail (moderately wounded, poisoned, 75% to hit)
The sting hits Terence but does no damage.
Terence looks even sicker.
Terence is moderately wounded.
Terence barely misses you.
Unknown command.
Terence shouts, "DIE!!!"
You hit Terence. You burn Terence.
Terence is heavily wounded.
Terence hits you with a +0 mace.
* * * LOW HITPOINT WARNING * * *
You barely miss Terence.
Terence is severely wounded.
Terence hits you with a +0 mace!
You die...

. #####.###..###
#.#.............
###.#...........#
+...#......÷....##
###....r.........###
+.........####.....#
###.#.##########...#
#.#..............#.
#####...@@.......
#<#............
#.#.######.....
#...# #... ##### ..
.


You could see Terence (very poisoned).

Vanquished Creatures
  3 endoplasms
  A giant cockroach (D:1)
  4 goblins (D:1)
  4 hobgoblins (D:1)
  5 jackals (D:2)
  2 kobolds (D:1)
  A quokka (D:1)
  A ball python (D:1)
  6 bats (D:1)
  2 frilled lizards (D:1)
  5 rats
34 creatures vanquished.

Vanquished Creatures (others)
  3 plants (D:2)
3 creatures vanquished.

Grand Total: 37 creatures vanquished

Notes
Turn   | Place    | Note
-------+----------+-------------------------------------------
     0 | D:1      | ZappyNine the Djinni Air Elementalist began the quest for
                  | the Orb.
     0 | D:1      | Reached XP level 1. HP: 15/15 MP: 0/0
   582 | D:1      | Reached skill level 1 in Fighting
   582 | D:1      | Reached XP level 2. HP: 20/22 MP: 0/0
   962 | D:1      | Reached XP level 3. HP: 27/27 MP: 0/0
   962 | D:1      | Learned a level 1 spell: Sting
  1763 | D:2      | Noticed Terence
  1768 | D:2      | Reached skill level 3 in Spellcasting
  1798 | D:2      | Slain by Terence

Illustrated notes

Levels and vault maps discovered:
D:1:      dpeg_arrival_three_smaller_balls, layout_basic, minmay_hedge_maze
D:2:      cheibrodos_old_hovel, layout_basic, serial_shops, shop,
          hellmonk_ecumenical_altar_prayer_group, uniq_terence

Skill      XL: |  1  2  3 |
---------------+----------+-----
Fighting       | 1 2 |  2.0
Spellcasting   | 3 |  3.0
Dodging        | |  2.1
Stealth        | |  1.5

Action                   || total
-------------------------++-------
Melee: Unarmed           ||    16
       Short sword       ||    64
 Cast: Shock             ||    21
       Sting             ||     7
       Static Discharge  ||     1
  Use: Potion            ||     1
 Stab: Sleeping          ||     1
Armor: Robe              ||    25
Dodge: Dodged            ||    80

Table legend: (Time is in decaauts)
 A = Elapsed time spent in this place.
 B = Non-inter-level travel time spent in this place.
 C = Inter-level travel time spent in this place.
 D = Time resting spent in this place.
 E = Time spent auto-exploring this place.
 F = Levels seen in this place.
 G = Mean time per level.
                   A        B        C        D        E       F      G
               +--------+--------+--------+--------+--------+-----+--------+
         Total |   1803 |   1745 |     58 |    244 |   1218 |   2 |  901.5 |
       Dungeon |   1803 |   1745 |     58 |    244 |   1218 |   2 |  901.5 |
               +--------+--------+--------+--------+--------+-----+--------+

Top non-repeatable levels by time:
     D:1: 1528 daAuts
     D:2: 275 daAuts
